 Dungeon Crawl Stone Soup version 0.27.1-33-g824d729ab1 (webtiles) character file.

Game seed: 2247732454986060688

1878 zeram the Cudgeller (level 8, -1/67 HPs)
             Began as a Troll Summoner on Dec 1, 2021.
             Was an Initiate of Gozag.
             Slain by an orc wizard (2 damage)
             ... on level 7 of the Dungeon.
             The game lasted 00:16:14 (5777 turns).

zeram the Cudgeller (Troll Summoner)                Turns: 5777, Time: 00:16:16

Health: -1/67      AC:  5    Str: 17    XL:     8   Next: 91%
Magic:  12/12      EV: 14    Int: 13    God:    Gozag
Gold:   660        SH:  0    Dex: 10    Spells: 5/13 levels left

rFire    . . .     SeeInvis .   b - +3 mace (vorpal)
rCold    + . .     Faith    .   (no shield)
rNeg     . . .     Spirit   .   a - +0 robe
rPois    .         Reflect  .   j - +1 hat
rElec    .         Harm     .   A - scarf {repulsion}
rCorr    .         Rampage  .   (gloves unavailable)
Will     .....                  (boots unavailable)
Stlth    +.........             (no amulet)
HPRegen  1.21/turn              n - +4 ring of evasion
MPRegen  0.13/turn              s - ring of protection from cold

@: gold aura, invisible, repel missiles
A: large, unfitting armour, claws 3, regeneration 1, shaggy fur 1, tough skin 1
a: Renounce Religion, Potion Petition, Call Merchant, Bribe Branch


You were on level 7 of the Dungeon.
You worshipped Gozag.
Gozag was pleased with you.
You visited 2 branches of the dungeon, and saw 8 of its levels.

You collected 713 gold pieces.
You paid 53 gold pieces to Gozag.

Inventory:

Hand Weapons
 b - a +3 vorpal mace (weapon)
 e - a +0 whip
 h - a +1 mace of holy wrath
 q - a +1 vampiric dagger
 u - a +1 vorpal flail
Missiles
 f - 188 stones (quivered)
Armour
 a - a +0 robe (worn)
 g - a +0 cloak
 j - a +1 hat (worn)
 A - a scarf of repulsion (worn)
Jewellery
 n - a +4 ring of evasion (left claw)
 s - a ring of protection from cold (right claw)
Wands
 r - a wand of polymorph (7)
Scrolls
 k - a scroll of summoning
 m - a scroll of blinking
 o - 2 scrolls of teleportation
 v - 2 scrolls of amnesia
 w - 2 scrolls of identify
 y - a scroll of magic mapping
Potions
 i - a potion of berserk rage {unknown}
 l - a potion of might {unknown}
 t - a potion of mutation {unknown}
 x - a potion of curing {unknown}
 z - a potion of flight {unknown}


   Skills:
 + Level 6.4 Maces & Flails
 + Level 4.5 Dodging
 - Level 1.0 Stealth
 + Level 3.4 Spellcasting
 - Level 5.0 Summonings


You had 5 spell levels left.
You knew the following spells:

 Your Spells              Type           Power      Damage    Failure   Level
a - Call Canine Familiar  Summ           15%        N/A       9%          3
b - Call Imp              Summ           15%        N/A       4%          2
c - Vampiric Draining     Necr           1%         2d6       54%         3

Your spell library contained the following spells:

 Spells                   Type           Power      Damage    Failure   Level
 Summon Small Mammal      Summ           60%        N/A       2%          1
 Corona                   Hex            2%         N/A       22%         1
 Summon Guardian Golem    Hex/Summ       8%         N/A       24%         3
 Ensorcelled Hibernation  Hex/Ice        4%         N/A       32%         2
 Passwall                 Tmut/Erth      1%         N/A       32%         2
 Slow                     Hex            2%         N/A       32%         2
 Static Discharge         Conj/Air       2%         N/A       32%         2
 Confusing Touch          Hex            2%         N/A       54%         3
 Spider Form              Tmut/Pois      1%         N/A       54%         3
 Swiftness                Air            2%         N/A       54%         3
 Tukima's Dance           Hex            2%         N/A       54%         3
 Summon Lightning Spire   Summ/Air       8%         N/A       61%         4
 Lightning Bolt           Conj/Air       1%         1d12      99%         5
 Yara's Violent Unravell  Hex/Tmut       1%         3d3       99%         5
 Shadow Creatures         Summ           N/A        N/A       99%         6
 Dispersal                Tloc           1%         N/A       100%        6
 Invisibility             Hex            1%         N/A       100%        6
 Disjunction              Tloc           1%         N/A       100%        8
 Maxwell's Capacitive Co  Air            1%         ∞         100%        8


Dungeon Overview and Level Annotations

Branches:
Dungeon (7/15)             Temple (1/1) D:4

Altars:
Ashenzari
Cheibriados
Dithmenos
Elyvilon
Fedhas
Gozag
Kikubaaqudgha
Makhleb
Nemelex Xobeh
Qazlal
Ru
Trog
Wu Jian
Xom
Yredelemnul


Innate Abilities, Weirdness & Mutations

You are too large for most types of armour.
You have claws for hands.
Your natural rate of healing is unusually fast.
You are covered in fur. (AC +1)
You have tough skin. (AC +1)


Message History

You hear some strange, mumbled words.
A magic dart appears from out of thin air!
The magic dart hits you. The orc closely misses you. Something hits you.
You hear some strange, mumbled words.
A magic dart appears from out of thin air!
The magic dart hits you.
You hit the orc.
You kill the orc!
An orc wizard appears from thin air!
Reactivating autopickup.
The orc wizard hits you with a +0 dagger.
Something hits you but does no damage. Space bends around you.
Deactivating autopickup; reactivate with Ctrl-A.
You hit the orc wizard but do no damage.
The orc wizard barely misses you. Something hits you but does no damage.
You hit the orc wizard.
The orc wizard is moderately wounded.
The orc wizard points at you and mumbles some strange words.
The puff of flame is repelled.
Something hits you. Space bends around you.
You hit the orc wizard but do no damage.
The orc wizard is moderately wounded.
The orc wizard gestures at you while chanting.
The magic dart hits you.
* * * LOW HITPOINT WARNING * * *
Something hits you.
* * * LOW HITPOINT WARNING * * *
Space warps horribly around you!
* * * LOW HITPOINT WARNING * * *
Okay, then.
Unknown command.
Unknown command.
It was a potion of invisibility.
You fade into invisibility!
The orc wizard hits you with a +0 dagger.
* * * LOW HITPOINT WARNING * * *
Something hits you.
* * * LOW HITPOINT WARNING * * *
Space bends around you.
You die...
Your body crumbles into a pile of gold.

#..########..###...........
#. ##.# #........... #.#
##......... #.# ##.....#.
#.# #.# #.# #########.#
......$@..# ######o{###
##......## #......$.##
..........# ..........#
..........# ............
.>.........##


You could see an orc wizard.

Vanquished Creatures
  An ice beast (D:5)
  A necrophage (D:4)
  An ogre (D:5)
  A centaur (D:7)
  A bullfrog (D:6)
  3 scorpions
  2 water moccasin zombies (D:5)
  A howler monkey (D:3)
  A centaur zombie (D:6)
  2 bullfrog zombies (D:5)
  A centaur skeleton (D:5)
  An orc priest (D:7)
  Crazy Yiuf (D:2)
  2 hounds
  A gnoll shaman (D:7)
  3 iguanas
  Terence (D:2)
  2 orc wizards (D:7)
  A killer bee zombie (D:6)
  2 hound zombies (D:5)
  2 hound skeletons
  A howler monkey zombie (D:5)
  10 gnolls
  5 adders
  An ufetubus (D:6)
  A worm (D:2)
  A dart slug (D:3)
  12 orcs
  5 endoplasms
  2 giant cockroaches (D:1)
  9 goblins
  9 hobgoblins
  6 jackals (D:1)
  6 kobolds
  2 quokkas
  10 ball pythons
  7 bats
  2 frilled lizards
  5 rats
125 creatures vanquished.

Vanquished Creatures (collateral kills)
  Sigmund (D:5)
  A water moccasin (D:5)
  An ogre (D:5)
  2 scorpions
  A howler monkey (D:4)
  An electric eel (D:7)
  A jelly (D:4)
  An iguana (D:5)
  2 gnolls
  2 adders
  A worm (D:2)
  3 orcs
  2 ball pythons (D:4)
  A bat (D:2)
  A kobold (D:4)
  A rat (D:3)
22 creatures vanquished.

Grand Total: 147 creatures vanquished

Notes
Turn   | Place    | Note
-------+----------+-------------------------------------------
     0 | D:1      | zeram the Troll Summoner began the quest for the Orb.
     0 | D:1      | Reached XP level 1. HP: 16/16 MP: 1/1
   151 | D:1      | Reached XP level 2. HP: 24/24 MP: 2/2
   470 | D:1      | Reached XP level 3. HP: 31/31 MP: 4/4
   698 | D:2      | Learned a level 2 spell: Call Imp
  1069 | D:2      | Found a runed translucent door.
  1072 | D:2      | Noticed Crazy Yiuf
  1231 | D:2      | Noticed Terence
  1243 | D:2      | Killed Terence
  1244 | D:2      | Reached skill level 1 in Maces & Flails
  1244 | D:2      | Reached XP level 4. HP: 39/39 MP: 5/5
  1534 | D:2      | Killed Crazy Yiuf
  1576 | D:3      | Found a blossoming altar of Fedhas.
  1597 | D:3      | Noticed a shining eye
  1610 | D:3      | Noticed a great orb of eyes
  1619 | D:3      | Reached skill level 2 in Maces & Flails
  1645 | D:3      | Found a faded altar of an unknown god.
  1647 | D:3      | Noticed a great orb of eyes
  1647 | D:3      | Noticed a great orb of eyes
  1684 | D:3      | Reached XP level 5. HP: 29/45 MP: 6/6
  1721 | D:3      | Found a snail-covered altar of Cheibriados.
  2355 | D:4      | Found an ancient bone altar of Kikubaaqudgha.
  2406 | D:4      | Reached skill level 3 in Maces & Flails
  2780 | D:4      | Reached XP level 6. HP: 48/53 MP: 7/7
  2824 | D:4      | Found a staircase to the Ecumenical Temple.
  2846 | Temple   | Entered the Ecumenical Temple
  3078 | Temple   | Became a worshipper of Gozag Ym Sagoz the Greedy
  3455 | D:4      | Reached XP level 7. HP: 54/59 MP: 2/9
  4043 | D:5      | Entered Level 5 of the Dungeon
  4077 | D:5      | Reached skill level 4 in Maces & Flails
  4611 | D:5      | Reached skill level 5 in Maces & Flails
  4611 | D:5      | Reached XP level 8. HP: 44/67 MP: 8/11
  4639 | D:5      | Noticed Sigmund
  4676 | D:5      | Killed Sigmund
  4796 | D:5      | Learned a level 3 spell: Call Canine Familiar
  4800 | D:5      | Found a basalt altar of Yredelemnul.
  5117 | D:6      | Found a stormy altar of Qazlal.
  5421 | D:6      | Reached skill level 5 in Summonings
  5536 | D:7      | Reached skill level 6 in Maces & Flails
  5698 | D:7      | Learned a level 3 spell: Vampiric Draining
  5776 | D:7      | HP: 3/67 [something (14)]
  5777 | D:7      | HP: 1/67 [something (2)]
  5777 | D:7      | Slain by an orc wizard

Illustrated notes

Levels and vault maps discovered:
D:1:      dpeg_arrival_rooms_with_view, layout_rooms, hangedman_decor_growths,
          grunt_decor_cap
D:2:      layout_loops_ring, uniq_terence, uniq_crazy_yiuf_cottage
D:3:      layout_loops_cross, old_standard_altar,
          mainiacjoe_overflow_tiny_flanked,
          hellmonk_ecumenical_altar_watching_god
D:4:      layout_basic, nicolae_kikubaaqudgha_miasma_corner,
          minmay_temple_entry_grid
D:5:      layout_gridville, nicolae_yredelemnul_corpse_copse, sigmund_army
D:6:      layout_basic, mainiacjoe_overflow_paths
D:7:      layout_rooms, zin_angel, minivault_14
Temple:   dpeg_chambers_temple

Skill      XL: |  1  2  3  4  5  6  7  8 |
---------------+-------------------------+-----
Summonings     | 3 4 5 |  5.0
Maces & Flails | 1 2 3 5 6 |  6.4
Dodging        | 2 3 4 |  4.5
Spellcasting   | 2 3 |  3.4
Stealth        | |  1.0

Action                   |  1- 3 |  4- 6 |  7- 9 || total
-------------------------+-------+-------+-------++-------
Melee: Unarmed           |    53 |       |       ||    53
       Whip              |    87 |       |       ||    87
       Mace              |    26 |   158 |   236 ||   420
 Cast: Summon Small Mamm |     1 |       |       ||     1
       Call Imp          |     4 |    17 |    26 ||    47
       Call Canine Famil |       |       |     1 ||     1
  Use: Scroll            |     7 |     4 |     3 ||    14
       Potion            |       |       |     3 ||     3
 Stab: Sleeping          |     1 |     1 |     2 ||     4
       Distracted        |       |       |     2 ||     2
Armor: Robe              |    60 |    55 |    64 ||   179
       Skin              |       |       |    23 ||    23
Dodge: Dodged            |   104 |   138 |   185 ||   427
       Repelled          |       |       |     4 ||     4
